 Dungeon Crawl Stone Soup version 0.21.1-1-g345015f (webtiles) character file.

11821 polly the Basher (level 11, -8/71 HPs)
             Began as a Gargoyle Berserker on May 28, 2018.
             Was a High Priest of Trog.
             Killed by divine providence
             ... invoked by a meliai
              (14 damage)
             ... on level 11 of the Dungeon.
             The game lasted 00:22:51 (11033 turns).

polly the Basher (Gargoyle Berserker)              Turns: 11033, Time: 00:22:51

Health: -8/71      AC: 23    Str: 22    XL:     11   Next: 83%
Magic:  11/11      EV:  7    Int:  7    God:    Trog [*****.]
Gold:   545        SH: 11    Dex: 12    Spells: 10/10 levels left

rFire    . . .     SeeInvis +   D - +3 flail
rCold    . . .     Gourm    .   C - +0 shield
rNeg     + . .     Faith    .   z - +0 plate armour
rPois    ∞         Spirit   .   g - +0 helmet
rElec    +         Reflect  .   (no cloak)
rCorr    .         Harm     .   (no gloves)
MR       .....                  (no boots)
Stlth    ..........             (no amulet)
HPRegen  0.21/turn              d - ring of see invisible
MPRegen  0.12/turn              (no ring)

@: no status effects
A: negative energy resistance 1, electricity resistance, unbreathing,
petrification resistance, rot immunity, AC +8
a: Berserk, Trog's Hand, Brothers in Arms, Burn Spellbooks, Renounce Religion


You were on level 11 of the Dungeon.
You worshipped Trog.
Trog was extremely pleased with you.
You were not hungry.

You visited 1 branch of the dungeon, and saw 11 of its levels.
You also visited: Ossuary.

You collected 545 gold pieces.

Inventory:

Hand Weapons
 D - a +3 flail (weapon)
Missiles
 y - 2 javelins of returning (quivered)
Armour
 g - a +0 helmet (worn)
 z - a +0 plate armour (worn)
 C - a +0 shield (worn)
Jewellery
 d - a ring of see invisible (left hand)
 H - an uncursed ring of flight {unknown}
 I - an uncursed ring of fire {unknown}
Wands
 A - a wand of random effects (27)
 B - a wand of flame (43)
 F - a wand of disintegration (21)
 J - a wand of paralysis (17)
Scrolls
 e - 3 scrolls of remove curse
 f - 4 scrolls of teleportation {unknown}
 i - 3 scrolls of amnesia {unknown}
 j - a scroll of immolation
 k - 2 scrolls of magic mapping {unknown}
 l - 3 scrolls of enchant armour {unknown}
 o - 2 scrolls of identify {unknown}
 q - 2 scrolls of fog {unknown}
 w - 3 scrolls of torment {unknown}
 E - 3 scrolls of enchant weapon {unknown}
 G - a scroll of holy word {unknown}
 K - a scroll of brand weapon {unknown}
Potions
 a - a potion of mutation {unknown}
 b - 2 potions of berserk rage {unknown}
 h - 4 potions of heal wounds {unknown}
 m - 5 potions of curing
 n - 2 potions of lignification {unknown}
 p - 3 potions of degeneration {unknown}
 r - 3 potions of flight {unknown}
 s - 3 potions of might {unknown}
 t - a potion of magic {unknown}
 u - a potion of invisibility {unknown}
 v - 2 potions of haste
 x - a potion of cancellation {unknown}
Comestibles
 c - 11 rations
 L - a chunk of flesh


   Skills:
 + Level 9.0 Fighting
 + Level 12.1 Maces & Flails
 + Level 9.0 Armour
 + Level 3.2 Dodging
 + Level 2.5 Stealth
 + Level 8.7 Shields


You had 10 spell levels left.
You didn't know any spells.

Dungeon Overview and Level Annotations

Branches:
Dungeon (11/15)            Temple (0/1) D:7
   Lair: D:8-11         Orc: D:9-12

Altars:
Ashenzari
Cheibriados
Kikubaaqudgha
Makhleb
Okawaru
Sif Muna
Wu Jian
Xom
Yredelemnul
Zin
The Shining One
Beogh

Shops:
D:5 =


Innate Abilities, Weirdness & Mutations

You are resistant to torment.
Your stone body is resilient. (AC +8)
You are immune to poison.
You resist negative energy. (rN+)
You are resistant to electric shocks. (rElec)
You can survive without breathing.
You are immune to petrification.
You are immune to rotting.


Message History

The meliai invokes the aid of its god against you.
Something smites you!
You hear an angry buzzing noise.
Found a fuming inky potion. 2 orcs and a meliai come into view.
The orc shouts!
The meliai calls down the wrath of its god upon you.
Something smites you!
* * * LOW HITPOINT WARNING * * *
The orc moves out of view.
A meliai comes into view. It is wielding a war axe.
The orc wizard mumbles some strange words.
The orc wizard flickers and vanishes for a moment.
The meliai invokes the aid of its god against you.
Something smites you!
* * * LOW HITPOINT WARNING * * *
You see here a hippogriff corpse.
The meliai calls down the wrath of its god upon you.
Something smites you!
You die...

#y# #y## #oy# ##.# #.#
############ #
######y#######..........####
#...........#.'..........'.##
#........o.†#.#..........#...
#..........)@.#..........####
#...........###..........# #
#...........# ##'######### #
####.######## #.# #. #.# #
#.# ..# .## '


You could see a meliai and an orc.

Vanquished Creatures
  Josephine (D:10)
  A hydra (D:11)
  A centaur warrior (D:11)
  A two-headed ogre (D:10)
  The ghost of bande the Chopper, a novice GrFi of Okawaru (D:8)
  A gargoyle (D:10)
  Psyche (D:10)
  A troll (D:7)
  Grinder (D:5)
  A hornet (D:9)
  A hippogriff (D:11)
  4 wraiths (D:10)
  13 yaks
  2 hungry ghosts (D:10)
  4 orc warriors
  A water moccasin (D:10)
  A black bear (D:9)
  3 ice beasts
  A sky beast (D:9)
  3 ogres
  3 centaurs
  12 bullfrogs
  3 water moccasin zombies (Ossuary)
  A gnoll sergeant (D:7)
  A water moccasin skeleton (D:6)
  3 howler monkeys
  10 wights
  A centaur zombie (D:10)
  2 crimson imps
  6 bullfrog zombies
  3 hounds
  2 quasits
  A bullfrog skeleton (D:11)
  2 jellies
  8 orc wizards
  6 orc priests
  A centaur skeleton (D:8)
  An iguana (D:9)
  8 worker ants
  2 big kobold zombies (Ossuary)
  2 mummies (Ossuary)
  8 gnolls
  7 adders
  2 shadow imps
  3 oozes
  6 adder zombies (Ossuary)
  2 adder skeletons
  5 worms
  8 leopard geckos
  46 orcs
  A ball python (D:2)
  3 giant cockroaches
  3 gnoll zombies (Ossuary)
  7 goblins
  5 hobgoblins
  11 jackals
  3 quokkas
  3 bats
  3 frilled lizards
  2 goblin zombies (D:4)
  3 hobgoblin zombies (Ossuary)
  4 kobolds
  5 kobold zombies (Ossuary)
  A leopard gecko skeleton (D:6)
  5 orc zombies (Ossuary)
  6 rats
273 creatures vanquished.

Notes
Turn   | Place    | Note
-------+----------+-------------------------------------------
     0 | D:1      | polly the Gargoyle Berserker began the quest for the Orb.
     0 | D:1      | Reached XP level 1. HP: 14/14 MP: 1/1
   353 | D:1      | Reached XP level 2. HP: 19/19 MP: 2/2
  1106 | D:2      | Reached XP level 3. HP: 23/24 MP: 3/3
  1623 | D:2      | Reached XP level 4. HP: 25/29 MP: 4/4
  1712 | D:3      | Reached skill level 4 in Maces & Flails
  1716 | D:3      | Reached ** piety under Trog
  1865 | D:3      | Found a deep blue altar of Sif Muna.
  1938 | D:3      | Found a shattered altar of Ashenzari.
  2305 | D:3      | Reached XP level 5. HP: 33/33 MP: 5/5
  2351 | D:3      | Found a glowing silver altar of Zin.
  2710 | D:4      | Found a sand-covered staircase.
  2720 | Ossuary  | Entered an ossuary
  2928 | Ossuary  | Reached XP level 6. HP: 36/38 MP: 6/6
  2942 | Ossuary  | Reached skill level 5 in Maces & Flails
  3256 | D:4      | Reached *** piety under Trog
  3462 | D:4      | Reached skill level 6 in Maces & Flails
  3462 | D:4      | Reached XP level 7. HP: 35/44 MP: 7/7
  3484 | D:4      | Received a gift from Trog
  3485 | D:4      | Found a burning altar of Makhleb.
  3837 | D:4      | Found an ancient bone altar of Kikubaaqudgha.
  3881 | D:4      | Reached skill level 7 in Maces & Flails
  4329 | D:5      | Entered Level 5 of the Dungeon
  4359 | D:5      | Reached XP level 8. HP: 45/48 MP: 8/8
  4387 | D:5      | Found a glowing golden altar of the Shining One.
  4397 | D:5      | Found an iron altar of Okawaru.
  4408 | D:5      | Reached skill level 5 in Fighting
  4515 | D:5      | Found a shimmering altar of Xom.
  4515 | D:5      | Found a shimmering altar of Xom.
  4516 | D:5      | Found a shimmering altar of Xom.
  4516 | D:5      | Found a shimmering altar of Xom.
  4516 | D:5      | Found a shimmering altar of Xom.
  4524 | D:5      | Found a shimmering altar of Xom.
  4524 | D:5      | Found a shimmering altar of Xom.
  4525 | D:5      | Found a shimmering altar of Xom.
  4783 | D:5      | Found Unuung's Jewellery Shop.
  4876 | D:5      | Found an ancient bone altar of Kikubaaqudgha.
  4927 | D:5      | Noticed Grinder
  4928 | D:5      | Paralysed by Grinder for 2 turns
  4939 | D:5      | Killed Grinder
  4939 | D:5      | Reached skill level 8 in Maces & Flails
  4939 | D:5      | Reached skill level 1 in Shields
  5069 | D:5      | Reached skill level 5 in Armour
  5379 | D:6      | Reached XP level 9. HP: 32/55 MP: 9/9
  5972 | D:6      | Found a snail-covered altar of Cheibriados.
  6073 | D:7      | Found a basalt altar of Yredelemnul.
  6139 | D:7      | Noticed a troll
  6158 | D:7      | Killed a troll
  6158 | D:7      | Reached **** piety under Trog
  6158 | D:7      | Reached skill level 9 in Maces & Flails
  7013 | D:7      | Found a staircase to the Ecumenical Temple.
  7336 | D:8      | Noticed bande's ghost (novice GrFi)
  7548 | D:8      | Killed bande's ghost
  7548 | D:8      | Reached skill level 10 in Maces & Flails
  7548 | D:8      | Reached skill level 5 in Shields
  7548 | D:8      | Reached XP level 10. HP: 43/61 MP: 10/10
  8087 | D:8      | Found an ornate altar of the Wu Jian Council.
  9301 | D:10     | Entered Level 10 of the Dungeon
  9311 | D:10     | Reached skill level 1 in Stealth
  9334 | D:10     | Noticed Josephine
  9354 | D:10     | Killed Josephine
  9360 | D:10     | Reached ***** piety under Trog
  9368 | D:10     | Reached skill level 11 in Maces & Flails
  9387 | D:10     | Reached XP level 11. HP: 33/68 MP: 11/11
  9757 | D:10     | Noticed a two-headed ogre
  9758 | D:10     | Noticed Psyche
  9770 | D:10     | Killed a two-headed ogre
  9777 | D:10     | Killed Psyche
 10457 | D:10     | Found a roughly hewn altar of Beogh.
 10836 | D:11     | Noticed a seven-headed hydra
 10847 | D:11     | Killed a seven-headed hydra
 10990 | D:11     | Noticed a centaur warrior
 11009 | D:11     | Killed a centaur warrior
 11009 | D:11     | Reached skill level 12 in Maces & Flails
 11033 | D:11     | Killed from afar by a meliai

Skill      XL: |  1  2  3  4  5  6  7  8  9 10 11 |
---------------+----------------------------------+-----
Dodging        | 2 3 |  3.2
Maces & Flails | 4 6 7 8 10 11 12 | 12.1
Fighting       | 4 5 6 8 9 |  9.0
Armour         | 3 4 5 6 8 9 |  9.0
Shields        | 3 5 6 8 |  8.7
Stealth        | 1 2 |  2.5

Action                   |  1- 3 |  4- 6 |  7- 9 | 10-12 || total
-------------------------+-------+-------+-------+-------++-------
Melee: Mace              |   119 |    16 |       |       ||   135
       Flail             |       |   225 |   399 |   500 ||  1124
Invok: Berserk           |       |     2 |     5 |     8 ||    15
  Use: Scroll            |       |     2 |     1 |       ||     3
       Potion            |       |       |       |     1 ||     1
 Stab: Sleeping          |     1 |       |       |       ||     1
       Invisible         |       |       |       |     3 ||     3
  Eat: Chunk             |     2 |     4 |    18 |    12 ||    36
       Ration            |       |     1 |       |     4 ||     5
Armor: Animal skin       |    21 |       |       |       ||    21
       Ring mail         |    10 |     8 |       |       ||    18
       Chain mail        |       |   191 |    19 |       ||   210
       Plate armour      |       |       |   270 |   322 ||   592
Dodge: Dodged            |    84 |    90 |    70 |   141 ||   385
Block: Shield            |       |       |   168 |   261 ||   429
